[Event "December 5 Early 2023"]
[Site "https://www.chess.com"]
[Date "2023.12.05"]
[Round "4"]
[White "Nagare Kaivalya Sandip"]
[Black "Mazurkiewicz, Michal"]
[Result "1-0"]
[Board "88"]
[TimeControl "180+1"]
[WhiteFideId "25957929"]
[BlackFideId "1124943"]
[WhiteElo "2666"]
[BlackElo "2487"]
[WhiteTeam "IND"]
[BlackTeam "POL"]
[WhiteClock "0:01:53"]
[BlackClock "0:00:00"]

1. e4 d6 2. Nc3 Nf6 3. Nf3 c6 4. d3 Bg4 5. g3 e6 6. Bg2 d5 7. O-O Bb4 8. e5 Nfd7 9. Ne2 Bxf3 10. Bxf3 Nxe5 11. Bg2 O-O 12. d4 Ng6 13. h4 Bd6 14. h5 Ne7 15. h6 g6 16. c4 c5 17. cxd5 Nxd5 18. Nc3 Nxc3 19. bxc3 Nc6 20. Rb1 Rb8 21. Bb2 c4 22. Qe2 Na5 23. Bc1 b5 24. Qg4 Qc7 25. Qh4 f5 26. Re1 Rbe8 27. Rxb5 Nc6 28. d5 Ne5 29. dxe6 Nd3 30. Rd1 Nxc1 31. Rxc1 Kh8 32. Qd4+ Kg8 33. Rb7 Be5 34. Rxc7 Bxd4 35. cxd4 Rxe6 36. Bd5 1-0

[Event "December 5 Early 2023"]
[Site "https://www.chess.com"]
[Date "2023.12.05"]
[Round "4"]
[White "Goryachkina, Aleksandra"]
[Black "Lopusiewicz, Piotr"]
[Result "1-0"]
[Board "89"]
[TimeControl "180+1"]
[WhiteFideId "4147103"]
[BlackFideId "1116029"]
[WhiteElo "2660"]
[BlackElo "2472"]
[WhiteTeam "FID"]
[BlackTeam "POL"]
[WhiteClock "0:00:36"]
[BlackClock "0:00:02"]

1. e4 e5 2. Nf3 Nc6 3. Bc4 Nf6 4. d3 Bc5 5. c3 d6 6. Nbd2 a5 7. h3 h6 8. Nf1 O-O 9. Ng3 Be6 10. Bb5 Ne7 11. O-O Ng6 12. d4 Bb6 13. Bd3 Qc8 14. Re1 a4 15. Nf5 exd4 16. N3xd4 Re8 17. Bc2 a3 18. bxa3 Bxf5 19. Nxf5 d5 20. exd5 Qd7 21. c4 Ne5 22. Bb2 g6 23. Bxe5 Rxe5 24. Rxe5 gxf5 25. Rxf5 Rxa3 26. Rxf6 Qe7 27. Rf3 Ra8 28. Qd3 Qe5 29. Qh7+ Kf8 30. Qxf7# 1-0

[Event "December 5 Early 2023"]
[Site "https://www.chess.com"]
[Date "2023.12.05"]
[Round "4"]
[White "Vlassov, Nikolai"]
[Black "Ozen, Metehan"]
[Result "1-0"]
[Board "90"]
[TimeControl "180+1"]
[WhiteFideId "4103360"]
[BlackFideId "34596054"]
[WhiteElo "2658"]
[BlackElo "2465"]
[WhiteTeam "FID"]
[BlackTeam "TUR"]
[WhiteClock "0:01:34"]
[BlackClock "0:01:29"]

1. e4 c6 2. d4 d5 3. f3 dxe4 4. fxe4 e5 5. Nf3 Bg4 6. c3 Nd7 7. Be3 Ngf6 8. Bd3 Bd6 9. O-O O-O 10. Nbd2 Qc7 11. h3 Bh5 12. Nc4 Rae8 13. Qc2 Bg6 14. Nfd2 exd4 15. cxd4 Bh2+ 16. Kh1 c5 17. dxc5 Bg3 18. Bd4 Nxc5 19. Bxf6 gxf6 20. Ne3 Bf4 21. Nd5 Qd6 22. Rxf4 Nxd3 23. Qxd3 Qxd5 24. Qxd5 1-0

[Event "December 5 Early 2023"]
[Site "https://www.chess.com"]
[Date "2023.12.05"]
[Round "4"]
[White "Jovic, Stanoje"]
[Black "Banzea, Alexandru-Bogdan"]
[Result "1/2-1/2"]
[Board "91"]
[TimeControl "180+1"]
[WhiteFideId "905020"]
[BlackFideId "1232622"]
[WhiteElo "2462"]
[BlackElo "2654"]
[WhiteTeam "SRB"]
[BlackTeam "ROU"]
[WhiteClock "0:00:12"]
[BlackClock "0:00:06"]

1. c4 Nf6 2. g3 g6 3. Bg2 Bg7 4. Nc3 O-O 5. Nf3 d6 6. O-O e5 7. d3 h6 8. Rb1 a5 9. a3 c6 10. b4 axb4 11. axb4 Re8 12. e4 d5 13. exd5 cxd5 14. c5 e4 15. Nd4 Nc6 16. Nxc6 bxc6 17. dxe4 d4 18. e5 Bf5 19. exf6 Qxf6 20. Ne4 Bxe4 21. Bxe4 Rxe4 22. Qd3 Qe6 23. Bf4 g5 24. Bd6 Re8 25. b5 cxb5 26. Rxb5 Qh3 27. Rb8 Rxb8 28. Qxe4 Rc8 29. c6 Qe6 30. Qxe6 fxe6 31. c7 Kf7 32. Re1 Ke8 33. Rxe6+ Kd7 34. Rg6 d3 35. Bb4 Be5 36. Rxh6 Bxc7 37. h3 Rb8 38. Bd2 Rb1+ 39. Kg2 Rb2 40. Bxg5 d2 41. Bxd2 Rxd2 42. Rf6 Bd6 43. h4 Ke7 44. Rf5 Ke6 45. Rf3 Rd4 46. Kh3 Bc5 47. g4 Bd6 48. h5 Rf4 49. Re3+ Kf6 50. f3 Rd4 51. Kg2 Rd2+ 52. Kf1 Kg5 53. Ke1 Rd5 54. Ke2 Bf4 55. Rd3 Rxd3 56. Kxd3 Bc1 57. Ke4 Bd2 58. Ke5 Bc1 59. Ke6 Bd2 60. Kf7 Kh6 61. Kf6 Bg5+ 62. Kf5 Bc1 63. f4 Bd2 64. Ke4 Bc1 65. Kf5 Bd2 66. g5+ Kxh5 67. g6 Bc3 68. Ke6 Kxg6 69. f5+ Kg7 70. f6+ Bxf6 1/2-1/2

[Event "December 5 Early 2023"]
[Site "https://www.chess.com"]
[Date "2023.12.05"]
[Round "4"]
[White "Cieslak, Patryk"]
[Black "Bychkov, Vladimir"]
[Result "1-0"]
[Board "92"]
[TimeControl "180+1"]
[WhiteFideId "21078882"]
[BlackFideId "24151513"]
[WhiteElo "2652"]
[BlackElo "2442"]
[WhiteTeam "POL"]
[BlackTeam "RUS"]
[WhiteClock "0:00:06"]
[BlackClock "0:00:00"]

1. c4 e5 2. Nf3 Nc6 3. Nc3 Nf6 4. e4 Bc5 5. Nxe5 Nxe5 6. d4 Bd6 7. f4 Ng6 8. e5 Bb4 9. Bd3 O-O 10. O-O d6 11. exf6 Qxf6 12. Nd5 Qxd4+ 13. Be3 Qxb2 14. Rb1 Qxa2 15. Nxb4 Qa5 16. Nd5 c6 17. Ra1 Qd8 18. Nb6 Bg4 19. Qxg4 axb6 20. Rxa8 Qxa8 21. Bxb6 Qa3 22. Bxg6 hxg6 23. Bd4 Qd3 24. f5 Qxc4 25. fxg6 c5 26. gxf7+ Rxf7 27. Rxf7 Qxf7 28. Be3 Qe7 29. Qc4+ Kh7 30. Bf2 Qe5 31. h4 Qf5 32. Bg3 Qg6 33. Kh2 b6 34. Qd5 b5 35. Qxd6 Qc2 36. Qe5 b4 37. Qh5+ Kg8 38. Qe8+ Kh7 39. Qh5+ Kg8 40. Be5 Qe4 41. Qg5 Qb7 42. h5 Qf7 43. h6 Kh7 44. hxg7 Qg6 45. g8=Q+ Kxg8 46. Qxg6+ 1-0

[Event "December 5 Early 2023"]
[Site "https://www.chess.com"]
[Date "2023.12.05"]
[Round "4"]
[White "Kukreja Sankalp"]
[Black "Gubajdullin, Alexei"]
[Result "1-0"]
[Board "93"]
[TimeControl "180+1"]
[WhiteFideId "45027676"]
[BlackFideId "4141202"]
[WhiteElo "2459"]
[BlackElo "2651"]
[WhiteTeam "IND"]
[BlackTeam "RUS"]
[WhiteClock "0:01:22"]
[BlackClock "0:00:00"]

1. e4 Nf6 2. e5 Nd5 3. d4 d6 4. Nf3 g6 5. Bc4 Nb6 6. Bd3 Bg7 7. h3 O-O 8. O-O Nc6 9. Qe2 dxe5 10. dxe5 Nd4 11. Nxd4 Qxd4 12. Re1 c5 13. Nd2 Be6 14. Nf3 Qd7 15. Be3 c4 16. Be4 Qb5 17. Bd4 Bd5 18. Bc3 Bxe4 19. Qxe4 Na4 20. Nd4 Qa6 21. Bb4 Nxb2 22. Bxe7 Rfe8 23. Bd6 c3 24. Qd5 Nc4 25. Nb5 Nb6 26. Qb3 Rac8 27. Nc7 Rxc7 28. Bxc7 Na4 29. Rab1 b6 30. e6 f5 31. e7+ Kh8 32. Qf7 Qc8 33. Rbd1 1-0

[Event "December 5 Early 2023"]
[Site "https://www.chess.com"]
[Date "2023.12.05"]
[Round "4"]
[White "Mestnikov, Aisen"]
[Black "Smirnov, Alexandr A."]
[Result "1/2-1/2"]
[Board "94"]
[TimeControl "180+1"]
[WhiteFideId "34130117"]
[BlackFideId "24104396"]
[WhiteElo "2451"]
[BlackElo "2651"]
[WhiteTeam "RUS"]
[BlackTeam "RUS"]
[WhiteClock "0:00:06"]
[BlackClock "0:00:08"]

1. d4 Nf6 2. c4 g6 3. Nc3 Bg7 4. e4 d6 5. Be2 O-O 6. Be3 c5 7. d5 e6 8. Nf3 exd5 9. cxd5 Re8 10. Nd2 a6 11. a4 Nbd7 12. O-O b6 13. h3 Qc7 14. Rc1 Bb7 15. Nc4 Ne5 16. Nd2 Ned7 17. Qb3 Rab8 18. Bf4 Ne5 19. Bxe5 Rxe5 20. Nc4 Re7 21. e5 Ne8 22. exd6 Nxd6 23. Bf3 Ba8 24. Nxd6 Qxd6 25. Ne4 Qe5 26. Nc3 Rd7 27. Rfe1 Qg5 28. Ne4 Qf4 29. Rcd1 b5 30. Nxc5 Rd6 31. Re4 Qf6 32. Rde1 Rdd8 33. axb5 axb5 34. Qe3 Bxd5 35. Rf4 Qc6 36. Bxd5 Qxd5 37. b4 Bd4 38. Qf3 Bxc5 39. bxc5 Qxf3 40. Rxf3 b4 41. Rb3 Rdc8 42. Re5 Rb5 43. f4 Kg7 44. Re4 Rcxc5 45. Rexb4 Rxb4 46. Rxb4 h5 47. g4 hxg4 48. hxg4 Rc2 49. Rb6 Ra2 50. Rb4 Rc2 51. Re4 Ra2 52. Rb4 Rc2 1/2-1/2

[Event "December 5 Early 2023"]
[Site "https://www.chess.com"]
[Date "2023.12.05"]
[Round "4"]
[White "Moksh Amit Doshi"]
[Black "Latorre, Vincent"]
[Result "1/2-1/2"]
[Board "95"]
[TimeControl "180+1"]
[WhiteFideId "25064967"]
[BlackFideId "2636891"]
[WhiteElo "2644"]
[BlackElo "2439"]
[WhiteTeam "IND"]
[BlackTeam "CAN"]
[WhiteClock "0:00:15"]
[BlackClock "0:00:04"]

1. c4 e5 2. g3 Nf6 3. Bg2 g6 4. Nc3 Bg7 5. Nf3 d6 6. d4 exd4 7. Nxd4 O-O 8. O-O Re8 9. b3 a5 10. Bb2 Nbd7 11. Qc2 Nc5 12. Rad1 c6 13. e3 Qc7 14. a3 Bd7 15. b4 axb4 16. axb4 Ne6 17. Nde2 Rad8 18. Na4 Ng5 19. c5 d5 20. Nb6 Bf5 21. Qb3 Be4 22. f3 Bf5 23. g4 Bc8 24. Nxc8 Qxc8 25. Nf4 Qc7 26. Rfe1 Ne6 27. Nd3 d4 28. e4 Nf4 29. Nxf4 Qxf4 30. Rxd4 Rxd4 31. Bxd4 Nxg4 32. Bxg7 Qxh2+ 33. Kf1 Ne5 34. Bxe5 Qxe5 35. Rd1 Re7 36. Qd3 h5 37. Qd8+ Kh7 38. Kg1 h4 39. Qc8 Qf4 40. Qg4 Qh6 41. Rd7 Rxd7 42. Qxd7 Qe3+ 43. Kf1 Qc1+ 44. Ke2 Qc2+ 45. Qd2 Qc4+ 46. Kf2 Qe6 47. Qf4 Qe7 48. Kg1 Kg7 49. e5 Qd7 50. Kh2 Qe7 51. Bh3 g5 52. Qf6+ Qxf6 53. exf6+ Kxf6 54. Bc8 Ke5 55. Bxb7 Kd5 56. b5 Kxc5 57. Bxc6 f5 58. Bd7 g4 59. fxg4 fxg4 60. Kg2 Kb6 61. Kf2 Kc5 62. Ke3 g3 63. Kf3 Kb6 64. Kg2 Kc5 65. Bc6 Kb6 66. Kh3 Kc5 67. Be8 Kb6 68. Bc6 Kc5 69. Kxh4 g2 70. Bxg2 Kxb5 1/2-1/2

[Event "December 5 Early 2023"]
[Site "https://www.chess.com"]
[Date "2023.12.05"]
[Round "4"]
[White "Zavgorodniy, Sergiy"]
[Black "Sahil, Tickoo"]
[Result "1-0"]
[Board "96"]
[TimeControl "180+1"]
[WhiteFideId "14110148"]
[BlackFideId "5019710"]
[WhiteElo "2644"]
[BlackElo "2430"]
[WhiteTeam "UKR"]
[BlackTeam "IND"]
[WhiteClock "0:01:04"]
[BlackClock "0:00:09"]

1. e4 c5 2. Nf3 d5 3. exd5 Nf6 4. Bb5+ Nbd7 5. c4 a6 6. Bxd7+ Bxd7 7. d4 e6 8. dxe6 Bxe6 9. d5 Bf5 10. O-O Bd6 11. Re1+ Kf8 12. Nc3 h6 13. b3 Kg8 14. Bb2 Kh7 15. Ne2 Bg6 16. Ne5 Re8 17. Nf4 Qc7 18. Nexg6 Bxf4 19. Nxf4 Qxf4 20. Qd3+ Kg8 21. g3 Qg5 22. h4 Qg6 23. Qxg6 fxg6 24. Bxf6 gxf6 25. Kf1 Kf7 26. Rxe8 Rxe8 27. Re1 Rb8 28. Re6 b5 29. Rc6 bxc4 30. bxc4 Rb1+ 31. Kg2 Rb2 32. Rxc5 Rxa2 33. Rc7+ Ke8 34. d6 a5 35. c5 Kd8 36. Rg7 Rc2 37. Rxg6 Rxc5 38. Rxh6 a4 39. Rh8+ Kd7 40. Ra8 Rc4 41. Ra6 Rd4 42. h5 f5 43. h6 1-0

[Event "December 5 Early 2023"]
[Site "https://www.chess.com"]
[Date "2023.12.05"]
[Round "4"]
[White "Renjith, Sravan"]
[Black "Todorovic, Bojan"]
[Result "0-1"]
[Board "97"]
[TimeControl "180+1"]
[WhiteFideId "4306783"]
[BlackFideId "917087"]
[WhiteElo "2640"]
[BlackElo "2430"]
[WhiteTeam "NZL"]
[BlackTeam "SRB"]
[WhiteClock "0:00:18"]
[BlackClock "0:00:09"]

1. e4 g6 2. Nf3 Bg7 3. g3 d6 4. Bg2 Nf6 5. c3 O-O 6. d3 c5 7. O-O Nc6 8. Re1 Rb8 9. a4 b6 10. Nbd2 Ba6 11. Nc4 e6 12. e5 dxe5 13. Nfxe5 Ne7 14. Qc2 Bb7 15. Bxb7 Rxb7 16. f4 Nd7 17. Qg2 Rc7 18. Qf3 Nxe5 19. fxe5 Qd5 20. Re4 Rd7 21. Bg5 Nf5 22. Rd1 h6 23. Bc1 Rfd8 24. g4 Nh4 25. Qe2 g5 26. Ne3 Qb3 27. Nc4 Ng6 28. Be3 Qxa4 29. Nxb6 Qxe4 30. Nxd7 Qd5 31. Nxc5 Nxe5 32. d4 Nf3+ 33. Kf2 Nh4 34. Kg3 Be5+ 35. Kh3 Bc7 36. Rf1 f5 37. Bc1 Re8 38. Re1 Kf7 39. gxf5 Nxf5 40. Qh5+ Kg7 41. Re4 Qd6 42. Qe2 h5 43. Nxe6+ Rxe6 44. Rxe6 g4+ 45. Kg2 Qxh2+ 46. Kf1 Ng3+ 47. Ke1 Nxe2 48. Rxe2 Qg1+ 49. Kd2 Bf4+ 50. Kd3 Qxc1 51. Re7+ Kg6 52. Rxa7 Kg5 53. b4 Qb1+ 54. Kc4 g3 55. b5 g2 56. Rg7+ Kf5 57. Rxg2 h4 58. Rg8 h3 59. Kc5 h2 60. Rf8+ Kg4 0-1

[Event "December 5 Early 2023"]
[Site "https://www.chess.com"]
[Date "2023.12.05"]
[Round "4"]
[White "Goldin, Roman"]
[Black "Taichman, Ori"]
[Result "0-1"]
[Board "98"]
[TimeControl "180+1"]
[WhiteFideId "2803860"]
[BlackFideId "2804069"]
[WhiteElo "2429"]
[BlackElo "2639"]
[WhiteTeam "ISR"]
[BlackTeam "ISR"]
[WhiteClock "0:00:00"]
[BlackClock "0:00:51"]

1. e4 b6 2. d4 Bb7 3. Bd3 Nf6 4. Qe2 e6 5. Nf3 d5 6. Nbd2 dxe4 7. Nxe4 Nxe4 8. Bxe4 Bxe4 9. Qxe4 Qd5 10. Qxd5 exd5 11. Bf4 Na6 12. O-O-O f6 13. Rhe1+ Kf7 14. Re3 Be7 15. Rde1 Rhe8 16. a3 c5 17. Re6 c4 18. Bd6 Bxd6 19. Rxd6 Rad8 20. Rxe8 Kxe8 21. Rxd8+ Kxd8 22. Kd2 Kd7 23. h4 h5 24. Nh2 Ke6 25. Nf1 Nb8 26. Ne3 Nc6 27. c3 Ne7 28. Ke2 Nf5 29. Nxf5 Kxf5 30. Kf3 b5 31. g3 g6 32. Ke3 Kg4 33. Ke2 g5 34. hxg5 fxg5 35. Kf1 Kf3 36. Kg1 h4 37. gxh4 gxh4 0-1

[Event "December 5 Early 2023"]
[Site "https://www.chess.com"]
[Date "2023.12.05"]
[Round "4"]
[White "Sai Han Thiha"]
[Black "Gimenez Aguirre, Alejo Ismael"]
[Result "1-0"]
[Board "99"]
[TimeControl "180+1"]
[WhiteFideId "13012290"]
[BlackFideId "32041667"]
[WhiteElo "2418"]
[BlackElo "2634"]
[WhiteTeam "MYA"]
[BlackTeam "ARG"]
[WhiteClock "0:00:06"]
[BlackClock "0:00:00"]

1. Nf3 d5 2. g3 c6 3. Bg2 Nf6 4. O-O g6 5. b3 Bg7 6. Bb2 O-O 7. c4 Ne4 8. Bxg7 Kxg7 9. d3 Nf6 10. Qd2 a5 11. Qb2 a4 12. b4 dxc4 13. dxc4 Be6 14. Ne5 Nbd7 15. Rd1 Qc7 16. Nxd7 Bxd7 17. c5 Be6 18. a3 h5 19. Nc3 h4 20. Ne4 Rad8 21. Rd6 Rd7 22. Rxe6 fxe6 23. Ng5 Kg8 24. Nxe6 Qc8 25. Nxf8 Qxf8 26. Bh3 Rd8 27. Be6+ Kg7 28. g4 Kh6 29. f4 g5 30. fxg5+ Kxg5 31. Qe5+ Kg6 32. Rf1 Qh6 33. Bf5+ Kf7 34. Kh1 h3 35. g5 Qxg5 36. Be6+ Kg6 37. Rg1 Qxg1+ 38. Kxg1 Rd1+ 39. Kf2 Nd5 40. Qf5+ Kg7 41. Bxd5 Rxd5 42. Qxh3 Kf7 43. Qf3+ Kg6 44. Qg4+ Rg5 45. Qe6+ 1-0

[Event "December 5 Early 2023"]
[Site "https://www.chess.com"]
[Date "2023.12.05"]
[Round "4"]
[White "Buchenau, Frank"]
[Black "Skliarov, Viktor"]
[Result "0-1"]
[Board "100"]
[TimeControl "180+1"]
[WhiteFideId "4604350"]
[BlackFideId "14106736"]
[WhiteElo "2380"]
[BlackElo "2626"]
[WhiteTeam "GER"]
[BlackTeam "UKR"]
[WhiteClock "0:00:24"]
[BlackClock "0:00:07"]

1. e4 c5 2. Nf3 Nc6 3. Bb5 e6 4. Bxc6 bxc6 5. d3 Ne7 6. e5 Ng6 7. Qe2 f6 8. h4 h5 9. Qe4 Kf7 10. Na3 Nxe5 11. Nxe5+ fxe5 12. Bg5 Be7 13. Nc4 d6 14. Qxc6 Rb8 15. Bxe7 Kxe7 16. Qf3 Qf8 17. Qg3 Ba6 18. O-O-O Bxc4 19. dxc4 Qf4+ 20. Qxf4 exf4 21. Rhe1 e5 22. Rd3 Rb6 23. g3 Rf8 24. Rg1 Rf7 25. gxf4 Rxf4 26. Rxg7+ Kf6 27. Rg2 Rxh4 28. b3 Rf4 29. Rdg3 h4 30. Rg6+ Kf5 31. Kd2 d5 32. cxd5 Rxg6 0-1

[Event "December 5 Early 2023"]
[Site "https://www.chess.com"]
[Date "2023.12.05"]
[Round "4"]
[White "Sari, Yasin"]
[Black "Lenaerts, Lennert"]
[Result "0-1"]
[Board "101"]
[TimeControl "180+1"]
[WhiteFideId "6320902"]
[BlackFideId "211435"]
[WhiteElo "2367"]
[BlackElo "2624"]
[WhiteTeam "TUR"]
[BlackTeam "BEL"]
[WhiteClock "0:00:14"]
[BlackClock "0:01:18"]

1. d4 d5 2. Bf4 Nf6 3. e3 e6 4. c3 c5 5. Nd2 Bd6 6. Bg3 O-O 7. Ngf3 b6 8. Bd3 Bb7 9. Qe2 Ne4 10. Ne5 f6 11. Nec4 Bxg3 12. hxg3 Qe7 13. O-O-O Nd7 14. Rh4 f5 15. Ne5 cxd4 16. exd4 Nxe5 17. dxe5 Rac8 18. Bxe4 dxe4 19. Rdh1 h6 20. g4 Bd5 21. Kb1 Qg5 22. f3 e3 23. Rh5 Qg6 24. Nb3 fxg4+ 25. Ka1 gxf3 26. Qxe3 fxg2 0-1

[Event "December 5 Early 2023"]
[Site "https://www.chess.com"]
[Date "2023.12.05"]
[Round "4"]
[White "Janaszak, Dawid"]
[Black "Seder, Mohammed"]
[Result "0-1"]
[Board "102"]
[TimeControl "180+1"]
[WhiteFideId "1119206"]
[BlackFideId "11505567"]
[WhiteElo "2616"]
[BlackElo "2361"]
[WhiteTeam "POL"]
[BlackTeam "PLE"]
[WhiteClock "0:00:09"]
[BlackClock "0:00:07"]

1. e4 c5 2. Nc3 d6 3. f4 g6 4. Nf3 Bg7 5. Bc4 e6 6. O-O Ne7 7. d3 Nbc6 8. Qe1 a6 9. a3 b6 10. Kh1 Bb7 11. f5 gxf5 12. Bg5 Ne5 13. Nxe5 Bxe5 14. exf5 Rg8 15. Qh4 Nxf5 16. Rxf5 exf5 17. Bxf7+ Kxf7 18. Qxh7+ Ke6 19. h4 Rxg5 20. Qxb7 Rg4 21. Qd5+ Kd7 22. Qf7+ Kc8 23. Qxf5+ Qd7 24. Qf8+ Kb7 25. Qf3+ Ka7 26. g3 Rxg3 27. Qf1 Qh3+ 28. Qxh3 Rxh3+ 29. Kg2 Rg3+ 30. Kf2 Rf8+ 31. Ke2 Bd4 32. Ne4 Rg2+ 33. Ke1 Rg1+ 34. Ke2 Rxa1 35. c3 Bg1 0-1

[Event "December 5 Early 2023"]
[Site "https://www.chess.com"]
[Date "2023.12.05"]
[Round "4"]
[White "Martin Fuentes, Alberto"]
[Black "Lazarne Vajda, Szidonia"]
[Result "1-0"]
[Board "103"]
[TimeControl "180+1"]
[WhiteFideId "2292289"]
[BlackFideId "723894"]
[WhiteElo "2615"]
[BlackElo "2346"]
[WhiteTeam "ESP"]
[BlackTeam "HUN"]
[WhiteClock "0:00:08"]
[BlackClock "0:00:01"]

1. e4 c6 2. Nc3 d5 3. g3 dxe4 4. Nxe4 Nf6 5. Bg2 Nxe4 6. Bxe4 Nd7 7. Ne2 Nf6 8. Bg2 Bf5 9. O-O e6 10. d4 Be7 11. c3 O-O 12. Re1 h6 13. Nf4 Nd5 14. Nd3 Bxd3 15. Qxd3 c5 16. dxc5 Bxc5 17. Bxd5 exd5 18. Be3 Bxe3 19. Rxe3 Qb6 20. Qd2 Rfd8 21. Rd3 Rd7 22. Rd4 Re8 23. Rd1 Rde7 24. Rb4 Qc6 25. Qd4 Re2 26. Rd2 Re1+ 27. Kg2 R8e5 28. h4 R1e4 29. Qd3 d4 30. Qf3 dxc3 31. bxc3 Rxb4 32. cxb4 Qxf3+ 33. Kxf3 a5 34. Rd8+ Kh7 35. Rd7 axb4 36. Rxf7 Rb5 37. Kg4 b3 38. axb3 Rxb3 39. f4 Rb5 40. h5 Kg8 41. Rc7 Kf8 42. Kh4 Rb4 43. Kg4 Rb5 44. Kh4 Rb4 45. Kh3 Rb5 46. g4 Rb4 47. Kg3 b5 48. Kf3 Ra4 49. Rb7 Rb4 50. Ke3 Kg8 51. Kf3 Kf8 52. g5 hxg5 53. fxg5 Kg8 54. Kg3 Kf8 55. Kh3 Rb1 56. Kg4 b4 57. Kf5 Rf1+ 58. Kg6 Rb1 59. Rxg7 b3 60. Rb7 b2 61. h6 Kg8 62. Rb8# 1-0

[Event "December 5 Early 2023"]
[Site "https://www.chess.com"]
[Date "2023.12.05"]
[Round "4"]
[White "Gruzman, Ilya"]
[Black "Ianovsky, Matias Manuel"]
[Result "1-0"]
[Board "104"]
[TimeControl "180+1"]
[WhiteFideId "2812703"]
[BlackFideId "112470"]
[WhiteElo "2320"]
[BlackElo "2612"]
[WhiteTeam "ISR"]
[BlackTeam "ARG"]
[WhiteClock "0:00:09"]
[BlackClock "0:00:11"]

1. d4 Nf6 2. c4 g6 3. Nc3 d5 4. cxd5 Nxd5 5. e4 Nxc3 6. bxc3 Bg7 7. Bc4 c5 8. Ne2 O-O 9. Be3 Nc6 10. O-O cxd4 11. cxd4 b6 12. Qd2 Bb7 13. Rac1 Rc8 14. Rfd1 Na5 15. Bd3 e5 16. d5 f5 17. f3 Qd7 18. Rxc8 Rxc8 19. Rc1 Rd8 20. Qb4 Bf8 21. Qb2 Bd6 22. Bg5 Rc8 23. exf5 gxf5 24. Bf6 Rxc1+ 25. Qxc1 Bc5+ 26. Kh1 f4 27. Be4 Bxd5 28. Bxe5 Bxe4 29. fxe4 f3 30. Qg5+ Kf8 31. Qf6+ Ke8 32. Qh8+ Bf8 33. gxf3 Qd3 34. Ng1 Nc4 35. Bg7 Qd6 36. Qxh7 Bxg7 37. Qxg7 Ne5 38. Qxa7 Nd3 39. Qa8+ Ke7 40. Qb7+ Kf8 41. Qh7 Qd4 42. Qh6+ Ke8 43. Qh5+ Kf8 44. Qf5+ Ke8 45. Qg6+ Ke7 46. h4 Nf2+ 47. Kg2 Nd3 48. Qg5+ Ke8 49. Nh3 Qb2+ 50. Kg3 Qd4 51. Qg6+ Ke7 52. Qh7+ Ke8 53. Ng5 Qe5+ 54. Kg4 Nf2+ 55. Kh5 Nd3 56. Qf7+ Kd8 57. Kh6 Nf4 58. Qxf4 Qh8+ 59. Kg6 Qe8+ 60. Kf5 Qc6 61. Kg4 Qd7+ 62. Qf5 Qd1 63. Nf7+ Ke7 64. Ng5 Qg1+ 65. Kf4 Qc1+ 66. Ke5 Qc7+ 67. Kd4 Qc1 68. Qf7+ Kd8 69. Ne6+ Kc8 70. Qc7+ Qxc7 71. Nxc7 Kxc7 72. h5 1-0

[Event "December 5 Early 2023"]
[Site "https://www.chess.com"]
[Date "2023.12.05"]
[Round "4"]
[White "Principe, Gerson"]
[Black "Borawski, Jakub"]
[Result "0-1"]
[Board "105"]
[TimeControl "180+1"]
[WhiteFideId "3804550"]
[BlackFideId "1143000"]
[WhiteElo "2610"]
[BlackElo "2241"]
[WhiteTeam "PER"]
[BlackTeam "POL"]
[WhiteClock "0:00:00"]
[BlackClock "0:00:03"]

1. d4 Nf6 2. Nf3 e6 3. c4 Bb4+ 4. Bd2 Qe7 5. Nc3 b6 6. g3 Bb7 7. Bg2 Bxc3 8. Bxc3 Ne4 9. Rc1 d6 10. O-O O-O 11. Qc2 Nxc3 12. Qxc3 Nd7 13. b4 c5 14. a3 Rac8 15. Rfd1 Nf6 16. e3 Rfd8 17. Qb2 h5 18. h4 Ng4 19. Qe2 Qf6 20. Ng5 Bxg2 21. Kxg2 e5 22. dxe5 dxe5 23. Rd5 cxb4 24. Rxd8+ Rxd8 25. axb4 Qc6+ 26. Qf3 Qxf3+ 27. Nxf3 e4 28. Nd4 Ne5 29. c5 Rc8 30. c6 Nd3 31. Rc4 a6 32. b5 Ne5 33. Rc2 axb5 34. c7 Nd3 35. Kf1 b4 36. Nb5 b3 37. Rc3 b2 38. Rb3 Kf8 39. Kg2 Ke7 40. f3 f5 41. fxe4 fxe4 42. Kg1 Kd7 43. Kg2 Ra8 44. g4 hxg4 45. Kg3 Kc8 46. Kxg4 Ra1 47. Rc3 Nc5 0-1

[Event "December 5 Early 2023"]
[Site "https://www.chess.com"]
[Date "2023.12.05"]
[Round "4"]
[White "Rodriguez Avila, Alvaro"]
[Black "Golubev, Mikhail"]
[Result "0-1"]
[Board "106"]
[TimeControl "180+1"]
[WhiteFideId "24570249"]
[BlackFideId "14100983"]
[WhiteElo "2234"]
[BlackElo "2609"]
[WhiteTeam "ESP"]
[BlackTeam "UKR"]
[WhiteClock "0:00:01"]
[BlackClock "0:00:07"]

1. e4 c5 2. Nf3 d6 3. d4 Nf6 4. Nc3 cxd4 5. Nxd4 g6 6. Be3 Bg7 7. f3 a6 8. Qd2 Nbd7 9. Bc4 b5 10. Bd5 Nxd5 11. Nxd5 Bb7 12. O-O-O O-O 13. h4 e6 14. Bg5 Nf6 15. Ne3 h6 16. Bxf6 Bxf6 17. Ng4 h5 18. Nxf6+ Qxf6 19. g4 e5 20. g5 Qe7 21. Ne2 Rfd8 22. Nc3 b4 23. Nd5 Bxd5 24. Qxd5 Rac8 25. Rd2 Rc5 26. Qb3 a5 27. Rhd1 Qc7 28. Kb1 Qc6 29. Rd5 Kf8 30. Qd3 Ke7 31. Rxc5 Qxc5 32. Qd5 Qxd5 33. Rxd5 Ra8 34. Kc1 Ra6 35. Rb5 Ra7 36. Kd2 f6 37. gxf6+ Kxf6 38. Rb6 Rd7 39. Ra6 g5 40. hxg5+ Kxg5 41. Rxa5 h4 42. Ra8 Rh7 43. Rg8+ Kf6 44. Rg2 h3 45. Rh2 Kg5 46. Ke3 Kh4 47. Kf2 Ra7 48. f4 Rxa2 49. Kf3 Rxb2 50. fxe5 dxe5 51. Rd2 Ra2 52. Rd8 Ra3+ 53. Kf2 Rc3 54. Rh8+ Kg4 55. Rg8+ Kf4 56. Rf8+ Kxe4 57. Rh8 Rxc2+ 58. Ke1 h2 59. Kd1 b3 60. Rh3 Ra2 61. Kc1 h1=Q+ 62. Rxh1 Ra1+ 0-1

[Event "December 5 Early 2023"]
[Site "https://www.chess.com"]
[Date "2023.12.05"]
[Round "4"]
[White "Aswath, S"]
[Black "Palmer, Reegan"]
[Result "1-0"]
[Board "107"]
[TimeControl "180+1"]
[WhiteFideId "46694919"]
[BlackFideId "14322145"]
[WhiteElo "2608"]
[BlackElo "2229"]
[WhiteTeam "IND"]
[BlackTeam "RSA"]
[WhiteClock "0:00:18"]
[BlackClock "0:00:08"]

1. c4 c5 2. g3 g6 3. Bg2 Bg7 4. Nf3 Nc6 5. O-O d6 6. Nc3 e5 7. d3 Nge7 8. a3 O-O 9. Ne1 f5 10. Nc2 a5 11. Bg5 a4 12. Ne3 h6 13. Bxe7 Nxe7 14. Nxa4 Be6 15. Nc3 f4 16. Ned5 g5 17. e3 Nxd5 18. Nxd5 Rb8 19. Rb1 b5 20. b4 bxc4 21. dxc4 Bf5 22. Rb3 cxb4 23. axb4 Qd7 24. b5 Bg4 25. f3 Bh3 26. g4 Bxg2 27. Kxg2 e4 28. exf4 gxf4 29. h3 e3 30. Qd3 Rbe8 31. b6 Rb8 32. Rfb1 h5 33. b7 hxg4 34. hxg4 Qd8 35. Rh1 Rf7 36. Qh7+ Kf8 37. Qe4 Kg8 38. Nxf4 Qf6 39. Ne6 Re7 40. Qh7+ Kf7 41. Nxg7 Qxg7 42. Qxg7+ Kxg7 43. Re1 Kg6 44. Rexe3 Rxe3 45. Rxe3 Rxb7 46. Re6+ Kf7 47. Rxd6 Rc7 48. Rd4 Kf6 49. Kg3 Ke5 50. Re4+ Kf6 51. f4 Rxc4 52. Rxc4 1-0

[Event "December 5 Early 2023"]
[Site "https://www.chess.com"]
[Date "2023.12.05"]
[Round "4"]
[White "Olenik Campa, Rudi"]
[Black "Yushko, Olga"]
[Result "1-0"]
[Board "108"]
[TimeControl "180+1"]
[WhiteFideId "14633264"]
[BlackFideId "14114500"]
[WhiteElo "2607"]
[BlackElo "2118"]
[WhiteTeam "SLO"]
[BlackTeam "UKR"]
[WhiteClock "0:00:05"]
[BlackClock "0:00:00"]

1. e4 e6 2. d4 d5 3. exd5 exd5 4. Nf3 Nf6 5. Bd3 Be7 6. O-O O-O 7. Re1 Bg4 8. Nc3 c5 9. dxc5 Bxc5 10. h3 Bh5 11. Be2 Nc6 12. Bg5 d4 13. Ne4 Be7 14. Ng3 Bg6 15. Nh4 Qb6 16. Nhf5 Bb4 17. Rf1 Nd5 18. Bf3 Nde7 19. Nh4 Qb5 20. Qc1 Rac8 21. Nxg6 hxg6 22. Bd2 Bxd2 23. Qxd2 Nb4 24. c3 dxc3 25. bxc3 Nbc6 26. Rab1 Qa6 27. Rfe1 Rfd8 28. Qg5 Rc7 29. h4 Qa5 30. Rb5 Qxc3 31. Rc1 Qf6 32. Qg4 Ne5 33. Rxc7 Nxg4 34. Bxg4 Qf4 35. Rxe7 Qxg4 36. Re4 Qd1+ 37. Kh2 b6 38. a4 Qd3 39. Rbe5 a6 40. Rb4 b5 41. axb5 axb5 42. Rexb5 Qd1 43. Rb8 Rxb8 44. Rxb8+ Kh7 45. Rb4 Qd6 46. Rb3 Qf4 47. Rf3 Qxh4+ 48. Kg1 Qc4 49. Nf1 g5 50. Rh3+ Kg6 51. Re3 f6 52. g3 Kf7 53. Nh2 Qc1+ 54. Kg2 Qc6+ 55. Kg1 f5 56. Rf3 Kg6 57. Re3 f4 58. Rf3 Kf5 59. Kf1 Qc1+ 60. Kg2 g6 61. Rb3 Qc6+ 62. Kg1 fxg3 63. Rxg3 Qc1+ 64. Kg2 Qc6+ 65. Kg1 Qe4 66. Rf3+ Ke5 67. Rg3 Qf4 68. Rf3 Qe4 69. Re3 Kf4 70. Rxe4+ Kxe4 71. Kg2 Kf4 72. f3 1-0